 Dungeon Crawl Stone Soup version 0.29-a0-923-g6e406bff71 (webtiles) character file.

Game seed: 4182616540344908148

1202 Sobieck the Thaumaturge (level 8, -2/50 HPs)
             Began as a Djinni Fire Elementalist on July 27, 2022.
             Was an Initiate of Ashenzari.
             Slain by an orc warrior
             ... wielding a +0 battleaxe
              (13 damage)
             ... on level 5 of the Dungeon.
             The game lasted 00:09:30 (6833 turns).

Sobieck the Thaumaturge (Djinni Fire Elementalist)  Turns: 6833, Time: 00:09:31

Health: -2/50      AC:  3    Str:  7    XL:     8   Next: 73%
Gold:   196        EV: 12    Int: 19    God:    Ashenzari [......] SH:  0 Dex: 14

rFire   + + .      SeeInvis .   z - +2 short sword (elec) {short}
rCold   x . .      Faith    .   (no shield)
rNeg    . . .      Spirit   .   a - +0 robe
rPois   ∞          Reflect  .   (no helmet)
rElec   .          Harm     .   (no cloak)
rCorr   .          Rampage  .   v - +0 pair of gloves
Will    .....                   (boots unavailable)
Stlth   ++........              (no amulet)
HPRegen 0.16/turn               (no ring)
MPRegen 0.00/turn               (no ring)

@: flying, very slightly contaminated
A: sickness immunity, fire resistance 2, cold vulnerability 1, float, innate
caster, HP casting, extra vitality 1
a: Renounce Religion, Curse Item


You were on level 5 of the Dungeon.
You worshipped Ashenzari.
Ashenzari was noncommittal.
You visited 1 branch of the dungeon, and saw 5 of its levels.

You collected 216 gold pieces.
You spent 20 gold pieces at shops.


Innate Abilities, Weirdness & Mutations

You are immune to sickness and miasma.
You are immune to poison.
Your flesh is very heat resistant. (rF++)
You are vulnerable to cold. (rC-)
You float through the air rather than walking.
You learn spells naturally, not from books.
Your magical power is your life essence.
You have superior vitality. (+4 MHP)


   Skills:
 - Level 2.1 Dodging
 - Level 1.5 Stealth
 + Level 8.0 Spellcasting


You had 5 spell levels left.
You knew the following spells:

 Your Spells              Type           Power      Damage    Failure   Level
a - Foxfire               Conj/Fire      100%       2x1d9     1%          1
b - Scorch                Fire           76%        2d8       1%          2
c - Conjure Flame         Conj/Fire      38%        6-21      1%          3
d - Inner Flame           Hex/Fire       38%        N/A       1%          3
e - Flame Wave            Conj/Fire      38%        2d10      3%          4
f - Shock                 Conj/Air       100%       1d9       1%          1
g - Searing Ray           Conj           76%        2d7       1%          2
h - Wereblood             Tmut           38%        N/A       1%          2
Your spell library was empty.

Inventory:

Hand Weapons
 c - a +0 short sword {short}
   (You took it off a kobold on level 1 of the Dungeon)
 d - a +0 club {mace}
   (You took it off a goblin on level 1 of the Dungeon)
 e - a +0 short sword {short}
   (You took it off a kobold on level 1 of the Dungeon)
 h - a +0 dagger {short}
   (You took it off a kobold on level 1 of the Dungeon)
 j - a +0 sling
   (You found it on level 1 of the Dungeon)
 n - a +0 dagger {short}
   (You found it on level 1 of the Dungeon)
 r - a +0 spear {polearm}
   (You found it on level 2 of the Dungeon)
 z - a +2 short sword of electrocution (weapon) {short}
   (You found it on level 2 of the Dungeon)
Missiles
 b - 73 stones {throwing}
 F - 6 boomerangs {throwing}
Armour
 a - a +0 robe (worn)
 i - a +0 ring mail
   (You found it on level 1 of the Dungeon)
 l - a +0 leather armour
   (You found it on level 1 of the Dungeon)
 o - a +0 leather armour
   (You took it off an orc on level 5 of the Dungeon)
 s - a +0 ring mail
   (You found it on level 2 of the Dungeon)
 t - a +0 leather armour
   (You found it on level 2 of the Dungeon)
 u - a +0 ring mail
   (You took it off an orc on level 5 of the Dungeon)
 v - a +0 pair of gloves (worn)
   (You found it on level 2 of the Dungeon)
 w - a +0 ring mail of cold resistance
   (You found it on level 2 of the Dungeon)
 E - a +0 leather armour
   (You took it off a gnoll bouda on level 4 of the Dungeon)
 G - a +0 leather armour
   (You took it off Eustachio on level 5 of the Dungeon)
 I - a +0 robe
   (You took it off an orc wizard on level 5 of the Dungeon)
 J - a +0 robe
   (You took it off an orc wizard on level 5 of the Dungeon)
 K - a +0 leather armour
   (You took it off an orc on level 5 of the Dungeon)
 L - a +0 robe
   (You took it off an orc wizard on level 5 of the Dungeon)
 M - a +0 robe
   (You took it off an orc wizard on level 5 of the Dungeon)
 N - a +0 ring mail
   (You found it on level 5 of the Dungeon)
 P - a +0 robe
   (You found it on level 5 of the Dungeon)
 R - a +0 scale mail
   (You took it off an orc on level 5 of the Dungeon)
 S - a +0 leather armour
   (You took it off an orc on level 5 of the Dungeon)
 T - a +0 ring mail
   (You took it off an orc on level 5 of the Dungeon)
 V - a +0 leather armour
   (You took it off an orc on level 5 of the Dungeon)
 X - a +0 ring mail
   (You took it off an orc on level 5 of the Dungeon)
Wands
 H - a wand of quicksilver (5)
   (You took it off Eustachio on level 5 of the Dungeon)
Scrolls
 g - 5 scrolls of teleportation {@r4}
 m - a scroll of poison {unknown}
 q - a scroll of immolation {!r!r}
 y - 3 scrolls of fear
 A - 2 scrolls of enchant weapon
 U - a scroll of torment {unknown}
Potions
 f - 2 potions of curing {@q1}
 k - a potion of attraction {unknown}
 p - 5 potions of might {unknown}
 x - 3 potions of magic
 B - 2 potions of haste {@q3}
 C - 3 potions of lignification {!q}
 D - 2 potions of mutation {unknown}
 O - a potion of invisibility {unknown}
 Q - a potion of cancellation {unknown}
 W - a potion of flight {unknown}

Dungeon Overview and Level Annotations

Branches:
Dungeon (5/15) Zot: 23165  Temple (0/1) D:4

Altars:
Ashenzari
Gozag
Nemelex Xobeh
Qazlal

Shops:
D:1 *   D:3 * D:5

!= #............
##....
##.#.#.#.#.#..##...#
#......)...........#
###.#.#.#.#.# #..#
#.......o...> #∩##
#.#.#.#.#.#.# #.#
#....o....... ###.####
###.#o#.#.#.###.....#.
#..@.##.##)###......
#....##.>...........
#....#......#.......
##......##.......#.#
##..##..#.......#.#
##..#.)###........#
#.......##......###
#.......##))....###
##........†........


You could see an orc warrior, an orc priest and an orc.


Message History

Confirm with . or Enter, or press ? or * to list all spells.
Flames lash the ice beast.
The ice beast melts!
The ice beast's fire resistance burns away.
The foxfire hits the ice beast but does no damage.
The foxfire hits the ice beast!
The ice beast melts!
You conjure some foxfire!
The ice beast hits you but does no damage.
The foxfire hits the ice beast but does no damage. x2
The ice beast hits you. The ice beast freezes you!
You feel a terrible chill!
You are too injured to fight recklessly!
Unknown command.
Casting: Foxfire (safe; 1% risk of failure)
Confirm with . or Enter, or press ? or * to list all spells.
Casting: Flame Wave (dangerous; 3% risk of failure)
Press: ? - help, Dir - look around, f - activate A wave of flame ripples out!
The flame wave engulfs the ice beast!!
The ice beast melts!
You kill the ice beast! (Press . to intensify the flame waves.)
You hear a shout! x4
Ashenzari invites you to partake of a vision and a curse of cunning and evocations.
Okay, then.
Unknown command.
Unknown command.
You start resting.
An orc comes into view. It is wielding a +0 dagger.
Danger!
Unknown command.
You are too injured to fight recklessly!
Unknown command.
Unknown command.
Unknown command.
Casting: Flame Wave (dangerous; 3% risk of failure)
Confirm with . or Enter, or press ? or * to list all spells.
You conjure some foxfire!
The foxfire hits the orc. x2
You kill the orc!
A jelly comes into view.
Found a stone staircase leading down.
Unknown command.
You start resting.
A jelly is nearby!
Danger!
Unknown command.
Casting: Foxfire (safe; 1% risk of failure)
Confirm with . or Enter, or press ? or * to list all spells.
You conjure some foxfire!
The jelly quivers.
The foxfire hits the jelly.
The foxfire hits the jelly!
Casting: Foxfire (safe; 1% risk of failure)
Confirm with . or Enter, or press ? or * to list all spells.
You conjure some foxfire!
The foxfire hits the jelly. x2
You kill the jelly!
Your Spellcasting skill increases to level 8!
An orc comes into view. It is wielding a +0 whip.
Danger!
You conjure some foxfire!
An orc warrior comes into view. It is wielding a +0 battleaxe.
You conjure some foxfire!
An orc comes into view. It is wielding a +0 short sword.
The foxfire hits the orc!
You kill the orc!
You conjure some foxfire!
The orc shouts!
An orc priest comes into view.
It is wielding a +0 short sword of electrocution.
You conjure some foxfire!
The foxfire hits the orc warrior but does no damage. x3
You conjure some foxfire!
The foxfire hits the orc warrior but does no damage.
You conjure some foxfire!
The foxfire hits the orc warrior but does no damage.
The foxfire hits the orc warrior.
The foxfire hits the orc warrior but does no damage.
You conjure some foxfire!
Casting: Foxfire (safe; 1% risk of failure)
Confirm with . or Enter, or press ? or * to list all spells.
Okay, then.
The foxfire hits the orc warrior but does no damage.
The foxfire hits the orc warrior. x2
The orc warrior attacks as you move away!
The orc warrior hits you with a +0 battleaxe!!
Ouch! That really hurt!
* * * LOW HITPOINT WARNING * * *
Casting: Foxfire (safe; 1% risk of failure)
Confirm with . or Enter, or press ? or * to list all spells.
Casting: Flame Wave (dangerous; 3% risk of failure)
Press: ? - help, Dir - look around, f - activate You miscast Flame Wave.
You are very lightly contaminated with residual magic.
Nothing appears to happen.
* * * LOW HITPOINT WARNING * * *
The orc warrior hits you with a +0 battleaxe!
You die...

Skill      XL: |  1  2  3  4  5  6  7  8 |
---------------+-------------------------+-----
Spellcasting   | 3 4 5 7 8 |  8.0
Dodging        | |  2.1
Stealth        | |  1.5

Action                   |  1- 3 |  4- 6 |  7- 9 || total
-------------------------+-------+-------+-------++-------
Melee: Short sword       |       |     4 |       ||     4
 Fire: Sling             |     2 |       |       ||     2
 Cast: Foxfire           |    69 |    98 |   112 ||   279
       Scorch            |       |     8 |     5 ||    13
       Flame Wave        |       |       |     2 ||     2
       Searing Ray       |       |       |     1 ||     1
  Use: Scroll            |       |       |    10 ||    10
Armor: Robe              |     2 |     3 |     1 ||     6
Dodge: Dodged            |     5 |    13 |    15 ||    33

Levels and vault maps discovered:
D:1:      dpeg_arrival_lava_temple_mockup, layout_basic,
          ebering_ecumenical_altar_hall, serial_shops, nicolae_shop_hallway_plus
D:2:      minmay_angry_zag, layout_loops_ring, solitary_fountain
D:3:      layout_loops_ring, minmay_overflow_temple_star_quad, serial_shops,
          nicolae_shop_waterfront
D:4:      layout_loops_ring, grunt_qazlal_clouds, minmay_temple_entry_glass,
          hangedman_decor_push
D:5:      corexii_shantytown, layout_cave_pools, serial_shops, shop,
          nicolae_shop_unique_rings, hex_medium, st_stairs_10, uniq_eustachio

Notes
Turn   | Place    | Note
-------+----------+-------------------------------------------
     0 | D:1      | Sobieck the Djinni Fire Elementalist began the quest for
                  | the Orb.
     0 | D:1      | Sobieck set off with the following spells memorised:
                  | Foxfire, Scorch, Conjure Flame, Inner Flame, Flame Wave.
     0 | D:1      | Reached XP level 1. HP: 15/15 MP: 0/0
   186 | D:1      | Reached XP level 2. HP: 13/21 MP: 0/0
   511 | D:1      | Found Kuppyfat's General Store.
   660 | D:1      | Found a faded altar of an unknown god.
   692 | D:1      | Reached skill level 3 in Spellcasting
  1255 | D:1      | Reached XP level 3. HP: 22/25 MP: 0/0
  1255 | D:1      | Learned a level 1 spell: Shock
  2088 | D:2      | Reached XP level 4. HP: 28/31 MP: 0/0
  3058 | D:3      | Found Cogistr Roah's General Store.
  3065 | D:3      | Bought a scroll of identify for 20 gold pieces
  3094 | D:3      | Reached skill level 4 in Spellcasting
  3382 | D:3      | Found a sparkling altar of Nemelex Xobeh.
  3414 | D:3      | Found an opulent altar of Gozag.
  3418 | D:3      | Found a broken altar of Ashenzari.
  3426 | D:3      | Became a worshipper of Ashenzari the Shackled
  3578 | D:4      | Found a staircase to the Ecumenical Temple.
  3595 | D:4      | HP: 6/31 [gnoll/+0 flail[a gnoll bouda] (9)]
  3601 | D:4      | HP: 1/31 [gnoll/+0 flail[a gnoll bouda] (5)]
  3605 | D:3      | Reached XP level 5. HP: 1/35 MP: 0/0
  3605 | D:3      | Learned a level 2 spell: Searing Ray
  4207 | D:4      | Reached XP level 6. HP: 24/40 MP: 0/0
  4563 | D:4      | Reached skill level 5 in Spellcasting
  4940 | D:4      | Found a stormy altar of Qazlal.
  4946 | D:4      | Noticed an ice beast
  4954 | D:4      | Killed an ice beast
  4955 | D:4      | Reached XP level 7. HP: 13/45 MP: 0/0
  4955 | D:4      | Learned a level 2 spell: Wereblood
  5300 | D:5      | Entered Level 5 of the Dungeon
  5314 | D:5      | Reached skill level 6 in Spellcasting
  5319 | D:5      | Noticed Eustachio
  5329 | D:5      | Killed Eustachio
  5484 | D:5      | Noticed a water moccasin
  5489 | D:5      | Killed a water moccasin
  5490 | D:5      | Reached skill level 7 in Spellcasting
  5490 | D:5      | Reached XP level 8. HP: 45/50 MP: 0/0
  6119 | D:5      | Found Qujiniym's One-of-a-Kind Rings.
  6409 | D:5      | Found Lulig's Distillery.
  6430 | D:5      | Noticed a yak
  6454 | D:5      | Killed a yak
  6742 | D:5      | Reached skill level 8 in Spellcasting
  6833 | D:5      | Slain by an orc warrior

Vanquished Creatures
  A yak (D:5)
  Eustachio (D:5)
  A water moccasin (D:5)
  2 ice beasts
  A necrophage (D:4)
  5 hounds
  2 jellies (D:5)
  A gnoll bouda (D:4)
  4 orc wizards (D:5)
  8 adders
  5 gnolls
  4 dart slugs
  18 orcs
  3 endoplasms
  A giant cockroach (D:3)
  18 goblins
  13 hobgoblins
  2 jackals (D:2)
  11 kobolds
  5 quokkas
  5 ball pythons
  5 bats
  3 frilled lizards (D:1)
  4 rats
123 creatures vanquished.

Vanquished Creatures (others)
  451 foxfires
451 creatures vanquished.

Grand Total: 574 creatures vanquished

Table legend:
 A = Non-vault XP
 B = Vault XP
 C = Vault XP percentage of total XP
 D = Non-vault monster count
 E = Vault monster count
 F = Vault count percentage of total count
                 A         B        C        D         E       F
            +---------+---------+-------+---------+---------+-------
      Total |    1228 |     490 |  28.5 |      89 |      34 |  27.6
            +---------+---------+-------+---------+---------+-------
        D:1 |      32 |       0 |   0.0 |      19 |       0 |   0.0
        D:2 |      63 |       6 |   8.7 |      15 |       3 |  16.7
        D:3 |      48 |       0 |   0.0 |      14 |       0 |   0.0
        D:4 |     456 |       0 |   0.0 |      19 |       0 |   0.0
        D:5 |     629 |     484 |  43.5 |      22 |      31 |  58.5
            +---------+---------+-------+---------+---------+-------

Illustrated notes

Table legend:
 A = Kills in this place as a percentage of kills in entire the game.
 B = Kills by you in this place as a percentage of kills by you in the entire game.
 C = Kills by friends in this place as a percentage of kills by friends in the entire game.
 D = Other kills in this place as a percentage of other kills in the entire game.
 E = Experience gained in this place as a percentage of experience gained in the entire game.
 F = Experience gained in this place divided by the number of levels of this place that you have seen.
                   A       B       C       D       E      F
               +-------+-------+-------+-------+-------+----------------------
         Total | 100.0 | 100.0 |   N/A |   N/A | 100.0 | 343.6
       Dungeon | 100.0 | 100.0 |   N/A |   N/A | 100.0 | 343.6
               +-------+-------+-------+-------+-------+----------------------

Table legend: (Time is in decaauts)
 A = Elapsed time spent in this place.
 B = Non-inter-level travel time spent in this place.
 C = Inter-level travel time spent in this place.
 D = Time resting spent in this place.
 E = Time spent auto-exploring this place.
 F = Levels seen in this place.
 G = Mean time per level.
                   A        B        C        D        E       F      G
               +--------+--------+--------+--------+--------+-----+--------+
         Total |   6833 |   6744 |     89 |    823 |   5214 |   5 | 1366.6 |
       Dungeon |   6833 |   6744 |     89 |    823 |   5214 |   5 | 1366.6 |
               +--------+--------+--------+--------+--------+-----+--------+

Top non-repeatable levels by time:
     D:1: 1514 daAuts
     D:3: 1412 daAuts
     D:4: 1407 daAuts
     D:5: 1374 daAuts
     D:2: 1124 daAuts
